 Dungeon Crawl Stone Soup version 0.32-a0-841-g4648e6c457 (webtiles) character file.

Game seed: 15919103585794617632

1367 javelincjr the Trooper (level 8, 0/77 (83) HPs)
             Began as a Troll Fighter on Mar 26, 2024.
             Was an Elder of Okawaru.
             Slain by Maggie
             ... wielding a +2 halberd of draining
              (16 damage)
             ... on level 6 of the Dungeon.
             The game lasted 00:10:11 (4280 turns).

javelincjr the Trooper (Troll Fighter)              Turns: 4280, Time: 00:10:12

HP:   0/77 (83)     AC:  6    Str: 27    XL:     8   Next: 38%
MP:   8/8           EV:  8    Int: 10    God:    Okawaru [****..]
Gold: 242           SH:  8    Dex:  9    Spells: 7/7 levels left

rFire   . .          .
                       - Unarmed
rCold   . . .        b - +0 kite shield
rNeg    . . .        a - +0 robe
rPois   .            (helmet restricted)
rElec   .            x - +1 cloak of Untruth {Rampage Will+}
rCorr   .            (gloves unavailable)
SInv    .            (boots unavailable)
Will    +....        d - amulet of the acrobat
Stlth   +            l - +6 ring of intelligence
HPRegen 1.12/turn    (no ring)
MPRegen 0.11/turn

%: acrobat, rampage
@: mesmerised, drained
A: large, unfitting armour, claws 3, regeneration 1, shaggy fur 1, tough skin 1
a: Renounce Religion, Heroism, Finesse


You were on level 6 of the Dungeon.
You worshipped Okawaru.
Okawaru was greatly pleased with you.
You visited 1 branch of the dungeon, and saw 6 of its levels.

You collected 242 gold pieces.

Inventory:

Hand Weapons
 y - a +2 hand axe of freezing
 z - a +0 war axe
Missiles
 w - 11 poisoned darts (quivered)
Armour
 a - a +0 robe (worn)
 b - a +0 kite shield (worn)
 n - a +0 cloak
 x - the +1 cloak of Untruth (worn) {Rampage Will+}
   (You found it on level 4 of the Dungeon)

   Will+:     It increases your willpower.
   Rampage:   It bestows one free step when moving towards enemies.
Jewellery
 d - an amulet of the acrobat (around neck)
 l - a +6 ring of intelligence (left claw)
Wands
 o - a wand of flame (28)
 p - a wand of light (6)
 r - a wand of polymorph (1)
Scrolls
 e - 2 scrolls of blinking {unknown}
 g - 3 scrolls of noise {unknown}
 h - a scroll of teleportation
 i - 2 scrolls of enchant weapon {unknown}
 j - a scroll of fog
 m - a scroll of immolation {unknown}
 s - a scroll of silence {unknown}
 A - a scroll of fear {unknown}
 E - a scroll of enchant armour {unknown}
Potions
 c - a potion of might
 f - 3 potions of haste
 k - a potion of mutation {unknown}
 q - 6 potions of curing
 t - 2 potions of degeneration {unknown}
 u - 3 potions of attraction {unknown}
 v - 3 potions of brilliance {unknown}
 B - a potion of heal wounds {unknown}
 C - a potion of ambrosia {unknown}
 D - a potion of invisibility {unknown}


   Skills:
 * Level 5.8 Fighting
 + Level 4.4 Dodging
 + Level 4.9 Shields
 + Level 4.7 Unarmed Combat
 + Level 2.1 Invocations


You had 7 spell levels left.
You didn't know any spells.
Your spell library contained the following spells:

 Spells                   Type           Power      Damage    Failure   Level
 Sandblast                Erth           0%         2d4       58%         1
 Slow                     Hex            0%         N/A       58%         1
 Confusing Touch          Hex            0%         N/A       91%         3
 Stone Arrow              Conj/Erth      0%         3d7       91%         3
 Vampiric Draining        Necr           0%         2d6       91%         3
 Brom's Barrelling Bould  Conj/Erth      0%         2d3       100%        4


Dungeon Overview and Level Annotations

Branches:
Dungeon (6/15)             Temple (0/1) D:4

Altars:
Okawaru

Shops:
D:2 (   D:5 ?

Annotations:
D:6 Maggie


Innate Abilities, Weirdness & Mutations

You are too large for most types of armour.
You have claws for hands.
Your natural rate of healing is unusually fast.
You are covered in fur. (AC +1)
You have tough skin. (AC +1)


Message History

You throw a poisoned dart. The poisoned dart barely misses Maggie.
Maggie looks more healthy.
Maggie points at you and mumbles some strange words.
The bolt of fire hits you!!
You rampage towards Maggie!
You block Maggie's attack.
You closely miss Maggie.
Maggie is lightly wounded.
Maggie barely misses you.
You closely miss Maggie.
Maggie is lightly wounded.
Maggie gestures at you while chanting. The bolt of fire hits you!!
You scratch Maggie.
Maggie is moderately wounded.
Maggie barely misses you.
You closely miss Maggie.
Maggie is moderately wounded.
Maggie hits you with a +2 halberd of draining.
You feel drained.
You claw Maggie!
Maggie is moderately wounded.
Maggie barely misses you.
You scratch Maggie.
Maggie is heavily wounded.
Maggie hits you with a +2 halberd of draining!
You feel drained.
You scratch Maggie.
Maggie is heavily wounded.
Maggie mumbles some strange words.
Maggie draws you further into her thrall.
You barely miss Maggie.
Maggie is heavily wounded.
Maggie hits you with a +2 halberd of draining!
* * * LOW HITPOINT WARNING * * *
You feel drained.
* * * LOW HITPOINT WARNING * * *
You scratch Maggie but do no damage.
Maggie is heavily wounded.
Maggie hits you with a +2 halberd of draining!
You die...

#..##.............
#########..##.###.......#
...).).....#....#...###.#
##########..........# #.
#.......#..#...## ..
#.###..........## .# .# #
#..#......#..##.##..##
#..............#.......
...........@@(.((.......
#..#..#......#..##.......
.....%....................
##.###...#..#........!....
# ##........####.......
##......## .......
#.####.# $...$.. #. #..
......$


You could see Maggie (mesmerising).

Vanquished Creatures
  Grinder (D:5)
  The ghost of bronco the Grave Robber, an amateur DENe (D:3)
  A water moccasin (D:6)
  A centaur (D:6)
  2 phantoms
  2 scorpions
  A howler monkey (D:6)
  4 bombardier beetles
  2 hounds
  An orc priest (D:4)
  An orc wizard (D:4)
  Natasha (thrice) (D:2)
  5 iguanas
  Terence (D:2)
  4 adders
  A white imp (D:6)
  An ufetubus (D:5)
  2 dart slugs (D:1)
  9 orcs
  8 endoplasms
  2 giant cockroaches (D:3)
  5 goblins
  6 hobgoblins
  8 quokkas
  7 ball pythons
  2 bats (D:1)
  6 frilled lizards
  2 kobolds
  7 rats
96 creatures vanquished.

Notes
Turn   | Place    | Note
-------+----------+-------------------------------------------
     0 | D:1      | javelincjr the Troll Fighter began the quest for the Orb.
     0 | D:1      | Reached XP level 1. HP: 22/22 MP: 0/0
   239 | D:1      | Reached XP level 2. HP: 29/29 MP: 1/1
   545 | D:2      | Noticed a +0 executioner's axe
   564 | D:2      | Noticed Terence
   583 | D:2      | Killed Terence
   584 | D:2      | Reached skill level 3 in Fighting
   584 | D:2      | Reached XP level 3. HP: 31/37 MP: 2/2
   696 | D:2      | Found a faded altar of an unknown god.
   712 | D:2      | Prayed at the altar of an unknown god.
   712 | D:2      | Became a worshipper of Warmaster Okawaru
   712 | D:2      | Reached * piety under Okawaru
   747 | D:2      | Found Kilitule's Weapon Shop.
   747 | D:2      | Noticed a +0 rapier
   763 | D:2      | Noticed Natasha
   775 | D:2      | Killed Natasha
   776 | D:2      | Reached XP level 4. HP: 40/45 MP: 3/3
   830 | D:2      | Noticed Natasha
   834 | D:2      | Killed Natasha
   998 | D:2      | Identified the blade talisman of the Iron City of Dis
                  | {rPois rC+}
  1088 | D:2      | Noticed Natasha
  1093 | D:2      | Killed Natasha
  1094 | D:2      | Reached XP level 5. HP: 50/53 MP: 4/4
  1302 | D:3      | Reached ** piety under Okawaru
  1388 | D:3      | Noticed bronco's ghost (amateur DENe)
  1392 | D:3      | Found a runed translucent door.
  1965 | D:3      | Killed bronco's ghost
  1966 | D:3      | Reached skill level 4 in Fighting
  1966 | D:3      | Reached XP level 6. HP: 37/62 MP: 2/5
  2136 | D:4      | Found a staircase to the Ecumenical Temple.
  2218 | D:4      | Reached XP level 7. HP: 71/71 MP: 6/6
  2383 | D:4      | Identified the +1 cloak of Untruth {Rampage Will+}
  2623 | D:4      | Reached *** piety under Okawaru
  3077 | D:5      | Entered Level 5 of the Dungeon
  3419 | D:5      | Noticed Grinder
  3431 | D:5      | Killed Grinder
  3432 | D:5      | Reached skill level 5 in Fighting
  3432 | D:5      | Reached skill level 1 in Invocations
  3740 | D:5      | Found The Oracle's Delphic Readings.
  4123 | D:6      | Reached XP level 8. HP: 69/80 MP: 6/8
  4143 | D:6      | Reached **** piety under Okawaru
  4256 | D:6      | Noticed Maggie
  4280 | D:6      | Slain by Maggie

Illustrated notes

Levels and vault maps discovered:
D:1:      beargit_arrival_diablo_church, layout_basic
D:2:      layout_basic, shapermc_ecumenical_altar_starsandcircs, serial_shops,
          nicolae_shop_mannequins, kennysheep_generic_room_14, uniq_terence,
          uniq_natasha
D:3:      layout_loops_ring, hellmonk_ghost_happy_afterlife,
          kennysheep_minor_cross, serial_bayou_pond_e
D:4:      layout_gridville, minmay_temple_entry_proselytizer
D:5:      layout_basic, nicolae_nh_oracle_at_delphi, uniq_grinder
D:6:      layout_loops_ring, serial_shops, nicolae_lakefront_shop,
          minmay_misc_feat_plants, chequers_serial_rivers_micro_a, uniq_maggie

Skill      XL: |  1  2  3  4  5  6  7  8 |
---------------+-------------------------+-----
Fighting       | 3 4 5 |  5.8
Shields        | 3 4 |  4.9
Dodging        | 3 4 |  4.4
Unarmed Combat | 3 4 |  4.7
Invocations    | 1 2 |  2.1

Action                     |  1- 3 |  4- 6 |  7- 9 || total
---------------------------+-------+-------+-------++-------
  Melee: Unarmed           |    88 |    98 |   111 ||   297
  Throw: Dart              |       |       |     7 ||     7
 Invoke: Heroism           |       |     1 |       ||     1
    Use: Scroll            |       |     4 |       ||     4
   Stab: Sleeping          |       |     1 |       ||     1
 Armour: Robe              |    44 |    44 |    53 ||   141
  Dodge: Dodged            |    30 |    35 |    31 ||    96
  Block: Kite shield       |    38 |    22 |    27 ||    87

Table legend: (Time is in decaauts)
 A = Elapsed time spent in this place.
 B = Non-inter-level travel time spent in this place.
 C = Inter-level travel time spent in this place.
 D = Time resting spent in this place.
 E = Time spent auto-exploring this place.
 F = Levels seen in this place.
 G = Mean time per level.
                   A        B        C        D        E       F      G
               +--------+--------+--------+--------+--------+-----+--------+
         Total |   4302 |   4067 |    235 |      0 |   3294 |   6 |  717.0 |
       Dungeon |   4302 |   4067 |    235 |      0 |   3294 |   6 |  717.0 |
               +--------+--------+--------+--------+--------+-----+--------+

Top non-repeatable levels by time:
     D:4: 1041 daAuts
     D:5: 1034 daAuts
     D:2: 759 daAuts
     D:3: 747 daAuts
     D:1: 549 daAuts
     D:6: 170 daAuts
